 Dungeon Crawl Stone Soup version 0.31-a0-981-geadf994542 (webtiles) character file.

Game seed: 17147830743820947463

95232 Xavori the Carver (level 16, -1/117 HPs)
             Began as a Djinni Chaos Knight on Nov 1, 2023.
             Was a Plaything of Xom.
             Slain by a demonic crawler (14 damage)
             ... on level 3 of the Lair of Beasts.
             The game lasted 00:37:53 (21634 turns).

Xavori the Carver (Djinni Chaos Knight)            Turns: 21634, Time: 00:37:54

Health: -1/117     AC: 20    Str: 21    XL:     16   Next: 62%
Gold:   3648       EV: 24    Int: 17    God:    Xom [.*....] SH:  7 Dex: 24

rFire   + + .        S - +2 scimitar (freeze)
rCold   + . .        t - +0 buckler
rNeg    . . .        r - +0 ice dragon scales
rPois   ∞            (helmet restricted)
rElec   .            Q - +0 cloak
rCorr   .            A - +2 pair of gloves
SInv    .            (boots unavailable)
Will    ++...        V - amulet of Suspected Treachery {Regen+ Int+4}
Stlth   ++           C - +5 ring of evasion
HPRegen 1.19/turn    L - +6 ring of strength
MPRegen 0.00/turn

%: clarity, infuse magic (-2 HP)
@: flying
A: sickness immunity, fire resistance 3, cold vulnerability 1, float, innate
caster, HP casting, extra vitality 1, horns 1, iridescent scales 1, thin
skeletal structure 2, clarity, strong-willed 1, strong 1, wild magic 1
a: Renounce Religion


You were on level 3 of the Lair of Beasts.
You worshipped Xom.
You were a plaything of Xom.
You visited 4 branches of the dungeon, and saw 21 of its levels.
You also visited: Ice Cave.

You collected 3763 gold pieces.
You spent 115 gold pieces at shops.

Inventory:

Hand Weapons
 a - a +0 falchion of chaos
 m - the +8 dagger of the Wizarding Bear {holy, Str+2}
   (You found it on level 2 of the Dungeon)

   Str+2:     It affects your strength (+2).
 u - the +9 dagger "Fysy" {freeze, rC- rCorr Str+2 Int+2}
   (You found it on level 7 of the Dungeon)

   Str+2:     It affects your strength (+2).
   Int+2:     It affects your intelligence (+2).
   rC-:       It makes you vulnerable to cold.
   rCorr:     It protects you from acid and corrosion.
 S - a +2 scimitar of freezing (weapon)
Armour
 r - +0 ice dragon scales (worn)
 t - a +0 buckler (worn)
 y - +0 steam dragon scales
 A - a +2 pair of gloves (worn)
 Q - a +0 cloak (worn)
Jewellery
 z - an amulet of the acrobat
 C - a +5 ring of evasion (left hand)
 I - an amulet of faith
 L - a +6 ring of strength (right hand)
 M - a ring of protection from cold
 T - a ring of ice
 V - the amulet of Suspected Treachery (around neck) {Regen+ Int+4}
   (You found it on level 5 of the Lair of Beasts)

   [amulet of regeneration]

   Int+4:     It affects your intelligence (+4).
   Regen+:    It increases your rate of health regeneration.
 W - the ring "Dydaso" {rN+ AC+4}
   (You found it on level 5 of the Lair of Beasts)

   [ring of protection]

   AC+4:      It affects your AC (+4).
   rN+:       It protects you from negative energy.
Wands
 B - a wand of flame (19)
 E - a wand of roots (4)
 N - a wand of mindburst (4)
 O - a wand of polymorph (13)
 Z - a wand of digging (3)
Scrolls
 c - 3 scrolls of butterflies
 f - 2 scrolls of blinking
 i - a scroll of silence {unknown}
 j - a scroll of amnesia {unknown}
 k - 11 scrolls of teleportation
 n - 5 scrolls of enchant weapon
 p - 3 scrolls of poison
 s - 5 scrolls of fear
 F - 2 scrolls of immolation
 J - 3 scrolls of vulnerability
 K - a scroll of enchant armour {unknown}
 P - a scroll of fog
 U - 2 scrolls of brand weapon {unknown}
Potions
 b - 3 potions of mutation
 d - 10 potions of curing
 e - a potion of degeneration {unknown}
 g - 4 potions of brilliance
 h - 4 potions of might
 l - 5 potions of heal wounds {unknown}
 o - 5 potions of haste {unknown}
 q - 3 potions of cancellation {unknown}
 v - 2 potions of berserk rage
 w - 3 potions of attraction {unknown}
 x - 2 potions of enlightenment {unknown}
 G - 3 potions of invisibility
 H - a potion of lignification {unknown}
 X - a potion of resistance {unknown}
 Y - a potion of ambrosia
Miscellaneous
 D - a lightning rod (4/4)
 R - a phantom mirror


   Skills:
 + Level 11.5 Fighting
 + Level 12.4 Long Blades
 + Level 11.2 Armour
 + Level 12.3 Dodging
 + Level 6.9 Shields
 * Level 10.9 Spellcasting
 * Level 10.9 Conjurations
 * Level 10.9 Hexes
 * Level 10.9 Summonings
 * Level 10.9 Necromancy
 * Level 10.9 Translocations
 * Level 10.9 Transmutations
 * Level 10.9 Fire Magic
 * Level 10.9 Ice Magic
 * Level 10.9 Air Magic
 * Level 10.9 Earth Magic
 * Level 10.9 Poison Magic
 - Level 5.6 Evocations
 * Level 2.4 Shapeshifting


You knew the following spells:

 Your Spells              Type           Power      Damage    Failure   Level
a - Apportation           Tloc           100%       N/A       1%          1
b - Jinxbite              Hex            100%       N/A       1%          2
c - Mephitic Cloud        Conj/Pois/Air  57%        N/A       1%          3
d - Hailstorm             Conj/Ice       57%        3d12      1%          3
e - Metabolic Englaciati  Hex/Ice        28%        N/A       12%         5
f - Summon Mana Viper     Hex/Summ       57%        N/A       12%         5
g - Plasma Beam           Fire/Air       28%        2x1d41    47%         6
Your spell library was empty.

Dungeon Overview and Level Annotations

Branches:
Dungeon (13/15)            Temple (0/1) D:7            Lair (5/5) D:11
 Shoals (0/4) Lair:3       Spider (1/4) Lair:3        Slime (0/5) Lair:5
    Orc (2/2) D:10            Elf (0/3) Orc:2        Vaults (0/5) D:13
  IceCv (visited)

Altars:
Dithmenos
Hepliaklqana
Makhleb
Okawaru
Wu Jian
Xom
Yredelemnul
Zin
Jiyva

Shops:
D:1 :   D:6 *   D:11 :   D:12 *   Orc:2 ([*:

Annotations:
Lair:2 1 runed translucent door, Rupert
Lair:5 1 runed translucent door


Innate Abilities, Weirdness & Mutations

You are immune to sickness and miasma.
You are immune to poison.
Your flesh is almost immune to the effects of heat. (rF+++)
You are vulnerable to cold. (rC-)
You float through the air rather than walking.
You learn spells naturally, not from books.
Your magical power is your life essence.
You have superior vitality. (+4 MHP)
You have a pair of small horns on your head.
You are partially covered in iridescent scales. (AC +2)
You have a moderately thin skeletal structure. (Dex +4, Stealth++)
You possess an exceptional clarity of mind.
You are strong-willed. (Will+)
Your muscles are strong. (Str +4, Int/Dex -1)
Your spells are a little harder to cast, but a little more powerful.


Message History

You slash the demonic crawler! You freeze the demonic crawler.
You headbutt the demonic crawler.
The demonic crawler is heavily wounded.
The demonic crawler closely misses you.
The demonic crawler completely misses you. x2
You hit the demonic crawler but do no damage.
The demonic crawler is moderately wounded.
You block the demonic crawler's attack. The demonic crawler hits you.
* * * LOW HITPOINT WARNING * * *
The demonic crawler misses you.
You slash the demonic crawler! You freeze the demonic crawler.
The demonic crawler is heavily wounded.
The demonic crawler hits you.
* * * LOW HITPOINT WARNING * * *
You block the demonic crawler's attack. The demonic crawler misses you.
You hit the demonic crawler. You freeze the demonic crawler.
The demonic crawler is heavily wounded.
The demonic crawler misses you. The demonic crawler closely misses you.
You block the demonic crawler's attack.
You slice the demonic crawler!! You freeze the demonic crawler!
Your headbutt misses the demonic crawler.
The demonic crawler is severely wounded.
The demonic crawler hits you but does no damage.
The demonic crawler barely misses you.
The demonic crawler completely misses you.
You hit the demonic crawler. You freeze the demonic crawler.
Your headbutt misses the demonic crawler.
The demonic crawler is severely wounded.
The demonic crawler misses you. The demonic crawler hits you!
* * * LOW HITPOINT WARNING * * *
The demonic crawler completely misses you.
You hit the demonic crawler but do no damage.
You headbutt the demonic crawler, but do no damage.
The demonic crawler is heavily wounded.
The demonic crawler barely misses you. The demonic crawler closely misses you.
The demonic crawler completely misses you.
You slash the demonic crawler! You freeze the demonic crawler.
The demonic crawler is almost dead.
The demonic crawler hits you!
You die...

#.....#.#....#.#.#.......##.####.
#.....##....#.#.#.#.#....#### ##
#..#..###......#.#.#.....# #
###.##.##....##.#.##....## #
###########.#...#....## #
##.^...##### #.....## ####s..#.#
#.###@#### #..##†##.##
##......#.# #.......###
##.......## ####...#.## ### ##
####....#.######.###.
##......#.#.##.......#
#.......#.............


You could see a demonic crawler.

Vanquished Creatures
  2 orc warlords
  A reaper (IceCv)
  The ghost of SirDiesAlot the Reanimator, a journeyman OpVM (Lair:5)
  A fire dragon (Lair:5)
  A yaktaur captain (D:13)
  2 catoblepae
  3 hydras
  3 centaur warriors
  A boulder beetle (D:12)
  8 two-headed ogres
  9 death yaks
  5 orc high priests (Orc:2)
  The ghost of tsujin the Insei, a novice DsSh of Qazlal (D:7)
  A swamp dragon (Lair:5)
  A lindwurm (Lair:4)
  4 orc knights (Orc:2)
  2 deep elf pyromancers
  2 wolf spiders (Spider:1)
  4 orc sorcerers
  A faun (shapeshifter) (D:11)
  The ghost of sammy202020 the Trooper, a novice GrBe of Trog (D:6)
  3 cyclopes
  3 manticores
  6 ugly things
  11 elephants
  6 black mambas
  2 ice statues (IceCv)
  2 spectral unseen horrors (D:7)
  A torpor snail (Lair:5)
  3 gargoyles
  4 unseen horrors
  11 rime drakes
  10 cane toads
  2 kobold demonologists (D:10)
  2 yaktaurs (D:13)
  Maggie (D:6)
  16 komodo dragons
  An anaconda simulacrum (IceCv)
  2 freezing wraiths
  2 tengu conjurers (D:11)
  An unseen horror skeleton (D:7)
  4 ice devils (IceCv)
  9 trolls
  4 hornets
  A hornet (shapeshifter) (D:12)
  A blink frog (shapeshifter) (Orc:2)
  Grinder (D:6)
  18 blink frogs
  A queen bee (Lair:5)
  2 tarantellas (Spider:1)
  A glass eye (shapeshifter) (D:11)
  8 dream sheep (Lair:5)
  A raiju (Lair:2)
  A jumping spider (Spider:1)
  7 slime creatures
  A glass eye (Lair:5)
  A dire elephant simulacrum (IceCv)
  4 culicivoras (Lair:3)
  5 wyverns
  43 yaks
  A human (Lair:2)
  2 shadows (D:11)
  A vampire (D:11)
  3 wraiths
  An unseen horror simulacrum (D:7)
  A yak (shapeshifter) (D:13)
  2 vampire mosquitoes
  5 steam dragons
  6 wargs
  7 redbacks
  6 basilisks
  5 acid dragons
  A hydra simulacrum (IceCv)
  21 water moccasins
  5 ice beasts
  A swamp drake (Lair:5)
  38 orc warriors
  4 black bears
  5 ogres
  17 wolves
  6 centaurs
  A phantom (D:5)
  2 kobold brigands (D:10)
  A gnoll sergeant (D:6)
  13 bullfrogs
  3 two-headed ogre simulacra (IceCv)
  2 scorpions
  A cane toad simulacrum (IceCv)
  8 wights (D:8)
  An elephant simulacrum (IceCv)
  23 killer bees
  5 howler monkeys
  2 hounds (D:7)
  A jelly (D:3)
  16 orc priests
  Crazy Yiuf (D:2)
  3 sleepcaps
  6 iguanas
  21 orc wizards
  A scorpion zombie (D:3)
  14 hell rats
  3 spriggan simulacra (IceCv)
  3 troll simulacra (IceCv)
  2 polar bear simulacra (IceCv)
  A wolf simulacrum (IceCv)
  A howler monkey zombie (D:7)
  5 gnolls
  2 adders
  12 white imps
  5 ufetubi
  An adder zombie (D:3)
  4 worms
  A dart slug (D:3)
  59 orcs
  9 ball pythons
  5 bats
  4 endoplasms
  A giant cockroach (D:1)
  10 goblins
  3 hobgoblins
  2 quokkas
  A ball python zombie (D:3)
  3 frilled lizards
  9 kobolds
  4 rats
669 creatures vanquished.

Vanquished Creatures (collateral kills)
  A troll (Orc:2)
  A meliai (Lair:5)
  A queen bee (Lair:5)
  A yak (Lair:4)
  3 orc warriors (Orc:2)
  A gnoll sergeant (D:9)
  A bullfrog (Lair:4)
  2 wights (D:8)
  5 killer bees (D:9)
  2 orc priests
  An orc wizard (Orc:2)
  3 gnolls (D:9)
  3 white imps (Lair:5)
  6 orcs
31 creatures vanquished.

Vanquished Creatures (others)
  A manticore (Lair:5)
  A blink frog (Lair:5)
  A water moccasin (Lair:4)
  A killer bee (Lair:5)
  An orc wizard (Orc:2)
  An ufetubus (IceCv)
6 creatures vanquished.

Grand Total: 706 creatures vanquished

Notes
Turn   | Place    | Note
-------+----------+-------------------------------------------
     0 | D:1      | Xavori the Djinni Chaos Knight began the quest for the Orb.
     0 | D:1      | Reached XP level 1. HP: 20/20 MP: 0/0
    38 | D:1      | Found a faded altar of an unknown god.
    40 | D:1      | XOM: silly message
   142 | D:1      | XOM: silly message
   228 | D:1      | Reached XP level 2. HP: 25/25 MP: 0/0
   238 | D:1      | XOM: divination: detect creatures
   543 | D:1      | Found Xastrun's Book Shop.
   662 | D:2      | Reached XP level 3. HP: 30/30 MP: 0/0
   662 | D:2      | Learned a level 1 spell: Apportation
   662 | D:2      | Identified the +5 hand axe of Intimidation {spect, Dex+2}
   922 | D:1      | XOM: scenery: 1 doors open
   960 | D:1      | XOM: cloud trail
  1211 | D:1      | XOM: god gift: ring mail {god gift}
  1555 | D:1      | XOM: god gift: 36 gold pieces
  2450 | D:1      | XOM: scenery: 1 doors close
  2686 | D:1      | XOM: scenery: 1 doors open
  2984 | D:1      | XOM: give mutations
  2984 | D:1      | Gained mutation: You have a beak for a mouth. [Xom's grace]
  2984 | D:1      | Gained mutation: Your flesh is almost immune to the effects
                  | of heat. (rF+++) [Xom's grace]
  2984 | D:1      | Gained mutation: You have a somewhat thin skeletal
                  | structure. (Dex +2, Stealth+) [Xom's grace]
  3028 | D:1      | XOM: give mutations
  3028 | D:1      | Gained mutation: You are partially covered in iridescent
                  | scales. (AC +2) [Xom's grace]
  3028 | D:1      | Gained mutation: You have a moderately thin skeletal
                  | structure. (Dex +4, Stealth++) [Xom's grace]
  3028 | D:1      | Gained mutation: Your spells are a little harder to cast,
                  | but a little more powerful. [Xom's grace]
  3323 | D:2      | Identified the +8 dagger of the Wizarding Bear {holy,
                  | Str+2}
  3383 | D:2      | Found a runed translucent door.
  3384 | D:2      | Noticed Crazy Yiuf
  3413 | D:2      | XOM: polymorph adder -> frilled lizard
  3501 | D:2      | Reached skill level 1 in Spellcasting
  3501 | D:2      | Reached skill level 1 in Conjurations
  3501 | D:2      | Reached skill level 1 in Hexes
  3501 | D:2      | Reached skill level 1 in Summonings
  3501 | D:2      | Reached skill level 1 in Necromancy
  3501 | D:2      | Reached skill level 1 in Translocations
  3501 | D:2      | Reached skill level 1 in Transmutations
  3501 | D:2      | Reached skill level 1 in Fire Magic
  3501 | D:2      | Reached skill level 1 in Ice Magic
  3501 | D:2      | Reached skill level 1 in Air Magic
  3501 | D:2      | Reached skill level 1 in Earth Magic
  3501 | D:2      | Reached skill level 1 in Poison Magic
  3562 | D:2      | XOM: give mutations
  3562 | D:2      | Gained mutation: You are mostly covered in iridescent
                  | scales. (AC +4) [Xom's grace]
  3562 | D:2      | Gained mutation: Your spells are harder to cast, but more
                  | powerful. [Xom's grace]
  3562 | D:2      | Gained mutation: You are agile. (Dex +4, Str/Int -1) [Xom's
                  | grace]
  3704 | D:2      | XOM: god gift: scroll labelled TUFRETAIBE {god gift}
  3758 | D:2      | Identified the staff of Destruction {rF++ Conj} (Xom gifted
                  | it to you on level 2 of the Dungeon)
  3758 | D:2      | XOM: god gift: staff of Destruction {rF++ Conj}
  3866 | D:2      | XOM is BORED!
  3866 | D:2      | XOM: draining
  4080 | D:2      | XOM: butterfly on damage
  4087 | D:2      | XOM: god gift: ice dragon scales {god gift}
  4088 | D:2      | Killed Crazy Yiuf
  4089 | D:2      | Reached XP level 4. HP: 3/34 MP: 0/0
  4212 | D:2      | XOM: god gift: 55 gold pieces
  4426 | D:3      | XOM: give mutations
  4426 | D:3      | Gained mutation: Your skin changes colour to match your
                  | surroundings (Stealth+). [Xom's grace]
  4426 | D:3      | Gained mutation: Your muscles are strong. (Str +4, Int/Dex
                  | -1) [Xom's grace]
  4426 | D:3      | Gained mutation: You expend health (3 HP) to strengthen
                  | your wands. [Xom's grace]
  4426 | D:3      | Gained mutation: You are completely covered in iridescent
                  | scales. (AC +6) [Xom's grace]
  4443 | D:3      | Found a basalt altar of Yredelemnul.
  4528 | D:3      | Reached XP level 5. HP: 40/40 MP: 0/0
  4528 | D:3      | Learned a level 2 spell: Jinxbite
  4721 | D:3      | XOM: scenery: create altars
  4791 | D:3      | XOM: divination: magic mapping
  4801 | D:3      | Noticed an ice beast
  4805 | D:3      | Found a glowing silver altar of Zin.
  4817 | D:3      | Killed an ice beast
  4818 | D:3      | Reached XP level 6. HP: 47/47 MP: 0/0
  5210 | D:4      | XOM: scenery: create altars
  5472 | D:5      | Entered Level 5 of the Dungeon
  5626 | D:5      | Noticed an ice beast
  5627 | D:5      | XOM: potion effect (attraction)
  5634 | D:5      | XOM: divination: magic mapping
  5641 | D:5      | Killed an ice beast
  5642 | D:5      | Reached XP level 7. HP: 46/52 MP: 0/0
  5642 | D:5      | Learned a level 3 spell: Mephitic Cloud
  5992 | D:5      | XOM: smoke on damage
  6006 | D:5      | XOM: cloud trail
  6143 | D:6      | Noticed Maggie
  6258 | D:6      | XOM: confuse monster(s)
  6261 | D:6      | Killed Maggie
  6262 | D:6      | Reached skill level 5 in Long Blades
  6262 | D:6      | Reached XP level 8. HP: 39/58 MP: 0/0
  6362 | D:6      | Found Jeiram's Assorted Antiques.
  6420 | D:6      | Found a large runed translucent door.
  6420 | D:6      | Found a large runed translucent door.
  6422 | D:6      | Noticed sammy202020's ghost (novice GrBe)
  6463 | D:6      | Noticed Grinder
  6471 | D:6      | Killed Grinder
  6568 | D:6      | XOM: silly message
  6666 | D:6      | Reached skill level 5 in Fighting
  6666 | D:6      | Reached XP level 9. HP: 65/65 MP: 0/0
  6666 | D:6      | Learned a level 3 spell: Hailstorm
  6858 | D:6      | XOM: enchant monster (good)
  6863 | D:6      | Killed sammy202020's ghost
  6864 | D:6      | Reached skill level 5 in Dodging
  6958 | D:7      | Found a runed translucent gate.
  6959 | D:7      | Found a runed translucent gate.
  6959 | D:7      | Found a runed translucent gate.
  6960 | D:7      | Noticed a spectral unseen horror
  6961 | D:7      | Noticed tsujin's ghost (novice DsSh)
  6962 | D:7      | Noticed a spectral unseen horror
  6962 | D:7      | Noticed a troll
  6996 | D:7      | Identified the +9 dagger "Fysy" {freeze, rC- rCorr Str+2
                  | Int+2}
  7138 | D:7      | XOM: potion effect (invisibility)
  7143 | D:7      | Killed a troll
  7201 | D:7      | XOM: silly message
  7205 | D:7      | Found a staircase to the Ecumenical Temple.
  7506 | D:7      | Found an iron altar of Okawaru.
  7524 | D:7      | Found a shadowy altar of Dithmenos.
  7826 | D:7      | XOM: summons friendly white imp
  7833 | D:7      | XOM: fog
  7834 | D:7      | Killed a spectral unseen horror
  7835 | D:7      | Reached skill level 5 in Armour
  7835 | D:7      | Reached XP level 10. HP: 51/72 MP: 0/0
  7850 | D:7      | XOM: polymorph white imp -> crimson imp
  7864 | D:7      | Killed tsujin's ghost
  7865 | D:7      | Reached skill level 5 in Spellcasting
  7865 | D:7      | Reached skill level 5 in Conjurations
  7865 | D:7      | Reached skill level 5 in Hexes
  7865 | D:7      | Reached skill level 5 in Summonings
  7865 | D:7      | Reached skill level 5 in Necromancy
  7865 | D:7      | Reached skill level 5 in Translocations
  7865 | D:7      | Reached skill level 5 in Transmutations
  7865 | D:7      | Reached skill level 5 in Fire Magic
  7865 | D:7      | Reached skill level 5 in Ice Magic
  7865 | D:7      | Reached skill level 5 in Air Magic
  7865 | D:7      | Reached skill level 5 in Earth Magic
  7865 | D:7      | Reached skill level 5 in Poison Magic
  7882 | D:7      | XOM: enchant monster (good)
  7888 | D:7      | Killed a spectral unseen horror
  8000 | D:6      | XOM: give mutation
  8000 | D:6      | Gained mutation: Your muscles are very strong. (Str +8,
                  | Int/Dex -2) [Xom's grace]
  8243 | D:8      | XOM: potion effect (haste)
  8336 | D:8      | XOM: silly message
  8395 | D:8      | XOM: 2-stop teleportation journey
  8488 | D:8      | XOM: god gift: tubular marble ring {god gift}
  8575 | D:8      | Found an ornate altar of the Wu Jian Council.
  8610 | D:8      | XOM: give mutations
  8610 | D:8      | Gained mutation: You are strong-willed. (Will+) [Xom's
                  | grace]
  8610 | D:8      | Gained mutation: You passively map a small area around you.
                  | [Xom's grace]
  8610 | D:8      | Gained mutation: You are robust. (+10% HP) [Xom's grace]
  8985 | D:9      | XOM is BORED!
  9041 | D:9      | Reached XP level 11. HP: 85/85 MP: 0/0
  9041 | D:9      | Learned a level 5 spell: Metabolic Englaciation
  9061 | D:9      | XOM: scenery: summon butterflies
  9126 | D:9      | XOM: give mutations
  9126 | D:9      | Gained mutation: You possess an exceptional clarity of
                  | mind. [Xom's grace]
  9126 | D:9      | Gained mutation: Your mind is acute. (Int +4, Str/Dex -1)
                  | [Xom's grace]
  9126 | D:9      | Gained mutation: Your natural rate of healing is unusually
                  | fast. [Xom's grace]
  9126 | D:9      | Lost mutation: You have a beak for a mouth. [Xom's grace]
  9126 | D:9      | Gained mutation: You have very sharp teeth. [Xom's grace]
  9153 | D:9      | XOM: scenery: summon butterflies
  9160 | D:9      | XOM: 2-stop teleportation journey
  9218 | D:6      | XOM: draining
  9493 | D:9      | XOM: chaos upgrade
  9854 | D:9      | XOM: draining
 10001 | D:9      | XOM: give mutations
 10001 | D:9      | Lost mutation: You have very sharp teeth. [Xom's mischief]
 10001 | D:9      | Lost mutation: You are completely covered in iridescent
                  | scales. (AC +6) [Xom's mischief]
 10001 | D:9      | Lost mutation: You are robust. (+10% HP) [Xom's mischief]
 10001 | D:9      | Lost mutation: You are agile. (Dex +4, Str/Int -1) [Xom's
                  | mischief]
 10084 | D:10     | Entered Level 10 of the Dungeon
 10143 | D:10     | Noticed a two-headed ogre
 10158 | D:10     | XOM: enchant monster (bad)
 10162 | D:10     | XOM: smoke on damage
 10163 | D:10     | XOM: divination: detect creatures
 10213 | D:10     | XOM: enchant monster (bad)
 10215 | D:10     | XOM: confuse monster(s)
 10220 | D:10     | Killed a two-headed ogre
 10449 | D:10     | Found a burning altar of Makhleb.
 10462 | D:10     | XOM: enchant monster (good)
 10495 | D:10     | XOM: noise
 10595 | D:10     | Found a staircase to the Orcish Mines.
 10719 | D:10     | XOM: cast spell 'Alistair's Intoxication'
 10720 | D:10     | Noticed a white ugly thing
 10727 | D:10     | Noticed a centaur warrior
 10732 | D:10     | XOM: confuse monster(s)
 10735 | D:10     | Killed a white ugly thing
 10738 | D:10     | XOM: summons friendly crimson imp
 10745 | D:10     | Killed a centaur warrior
 10749 | D:10     | Noticed a two-headed ogre
 10821 | D:10     | Killed a two-headed ogre
 10934 | D:10     | XOM: potion effect (might)
 10940 | D:10     | Reached XP level 12. HP: 51/86 MP: 0/0
 11016 | D:10     | XOM: divination: detect items
 11303 | D:11     | Noticed a two-headed ogre
 11305 | D:11     | Found a staircase to the Lair.
 11308 | D:11     | Killed a two-headed ogre
 11409 | D:11     | Found Kedesmot's Book Boutique.
 11498 | D:11     | Reached skill level 10 in Long Blades
 11536 | D:11     | XOM: divination: magic mapping
 11540 | D:11     | XOM: enchant monster (good)
 11544 | D:11     | XOM: summons 2 hostile demons
 11545 | D:11     | XOM: enchant monster (good)
 11549 | D:11     | XOM: confuse monster(s)
 11558 | D:11     | XOM: smoke on damage
 11563 | D:11     | XOM: fake destruction
 11645 | D:11     | Found a hazy altar of Hepliaklqana.
 11722 | D:11     | XOM: noise
 11747 | D:11     | Noticed a shock serpent
 11748 | D:11     | a shock serpent changed into a faun
 11776 | D:11     | Noticed a centaur warrior
 11788 | D:11     | Noticed a two-headed ogre
 11798 | D:11     | Killed a two-headed ogre
 11800 | D:11     | Killed a centaur warrior
 11801 | D:11     | XOM: silly message
 11803 | D:11     | XOM: give mutations
 11803 | D:11     | Gained mutation: Your mind is very acute. (Int +8, Str/Dex
                  | -2) [Xom's grace]
 11803 | D:11     | Gained mutation: You are agile. (Dex +4, Str/Int -1) [Xom's
                  | grace]
 11803 | D:11     | Gained mutation: You are highly strong-willed. (Will++)
                  | [Xom's grace]
 11888 | D:11     | XOM: swap monsters
 11890 | D:11     | Identified the +7 orcbow of the Lusting Shrike {flame,
                  | Str+5 Int-2 Dex+4}
 11890 | D:11     | Noticed a centaur warrior
 11923 | D:11     | Reached XP level 13. HP: 49/94 MP: 0/0
 11923 | D:11     | Learned a level 5 spell: Summon Mana Viper
 11995 | D:11     | XOM: draining
 12266 | D:11     | XOM: cloud trail
 12391 | D:11     | Killed a centaur warrior
 12392 | D:11     | Reached skill level 1 in Evocations
 12602 | Lair:1   | Entered Level 1 of the Lair of Beasts
 12640 | Lair:1   | XOM: fake destruction
 12970 | Lair:1   | Reached skill level 1 in Shields
 13227 | Lair:2   | Identified the "Pabree Maone"
 13231 | Lair:2   | XOM: polymorph komodo dragon -> raiju
 13234 | Lair:2   | XOM: summons friendly white imp
 13276 | Lair:2   | XOM: divination: detect items
 13280 | Lair:2   | XOM: enchant monster (good)
 13301 | Lair:2   | Noticed a catoblepas
 13413 | Lair:2   | XOM: potion effect (haste)
 13425 | Lair:2   | XOM: summons 1 hostile demon
 13429 | Lair:2   | Reached skill level 10 in Dodging
 13434 | Lair:2   | Killed a catoblepas
 13485 | Lair:2   | XOM: 2-stop teleportation journey
 13669 | Lair:2   | XOM: give mutation
 13669 | Lair:2   | Lost mutation: Your mind is very acute. (Int +8, Str/Dex
                  | -2) [Xom's mischief]
 13692 | Lair:2   | XOM: 1-stop teleportation journey
 13703 | Lair:2   | XOM: blink monster(s)
 13748 | Lair:2   | XOM: 2-stop teleportation journey
 13757 | Lair:2   | Noticed an eight-headed hydra
 13762 | Lair:2   | XOM: chaos cloud
 13764 | Lair:2   | Killed an eight-headed hydra
 14056 | Lair:2   | XOM: blink monster(s)
 14070 | Lair:2   | XOM: fog
 14109 | Lair:2   | Found a runed translucent door.
 14160 | Lair:2   | XOM: give mutations
 14160 | Lair:2   | Lost mutation: Your muscles are very strong. (Str +8,
                  | Int/Dex -2) [Xom's mischief]
 14160 | Lair:2   | Lost mutation: You expend health (3 HP) to strengthen your
                  | wands. [Xom's mischief]
 14160 | Lair:2   | Lost mutation: Your skin changes colour to match your
                  | surroundings (Stealth+). [Xom's mischief]
 14173 | Lair:2   | XOM: cleaving
 14233 | Lair:2   | XOM: noise
 14245 | Lair:2   | Reached XP level 14. HP: 76/101 MP: 0/0
 14264 | Lair:2   | XOM: repel stairs
 14520 | Lair:2   | Noticed Rupert
 14685 | Lair:3   | Found a staircase to the Shoals.
 14720 | Lair:3   | XOM: give mutation
 14720 | Lair:3   | Lost mutation: You are agile. (Dex +4, Str/Int -1) [Xom's
                  | mischief]
 14722 | Lair:3   | Found a hole to the Spider Nest.
 15075 | Lair:3   | XOM: polymorph komodo dragon -> elephant
 15077 | Lair:3   | XOM: potion effect (berserk rage)
 15128 | Lair:3   | XOM: snakes to sticks
 15163 | Lair:3   | Reached skill level 10 in Fighting
 15178 | Lair:3   | XOM: 6-stop teleportation journey
 15200 | Lair:3   | XOM: scenery: summon butterflies
 15201 | Lair:3   | XOM: scenery: summon butterflies
 15233 | Lair:3   | XOM: summons 8 hostile demons
 15612 | Lair:4   | XOM: polymorph basilisk -> ice beast
 15617 | Lair:4   | XOM: polymorph yak -> black mamba
 15799 | Lair:4   | XOM: polymorph water moccasin -> black bear
 15845 | Lair:4   | XOM: summons 4 friendly demons
 15847 | Lair:4   | XOM: summons 3 friendly demons
 15947 | Lair:4   | Reached skill level 5 in Evocations
 16205 | Lair:4   | XOM: summons 5 friendly demons
 16232 | Lair:4   | Identified the +3 leather armour of Dust Devil {Int+6}
 16419 | IceCv    | Identified the "Boqar"
 16419 | Lair:5   | Entered Level 5 of the Lair of Beasts
 16419 | Lair:5   | Found a frozen archway.
 16436 | Lair:5   | XOM: god gift: 38 gold pieces
 16438 | Lair:5   | XOM: cleaving
 16452 | Lair:5   | Found a transporter.
 16456 | IceCv    | Entered an ice cave
 16505 | IceCv    | Reached XP level 15. HP: 108/108 MP: 0/0
 16505 | IceCv    | Learned a level 6 spell: Plasma Beam
 16620 | IceCv    | Reached skill level 10 in Armour
 16761 | IceCv    | Noticed a reaper
 16856 | IceCv    | Killed a reaper
 17063 | Lair:5   | XOM: cast spell 'Alistair's Intoxication'
 17078 | Lair:5   | XOM: enchant monster (good)
 17141 | Lair:5   | XOM: silly message
 17225 | Lair:5   | Found a runed translucent door.
 17225 | Lair:5   | Found a viscous altar of Jiyva.
 17225 | Lair:5   | Noticed an acid blob
 17226 | Lair:5   | Found a staircase to the Slime Pits.
 17226 | Lair:5   | Noticed an acid blob
 17226 | Lair:5   | Noticed an acid blob
 17264 | Lair:5   | Reached skill level 10 in Spellcasting
 17264 | Lair:5   | Reached skill level 10 in Conjurations
 17264 | Lair:5   | Reached skill level 10 in Hexes
 17264 | Lair:5   | Reached skill level 10 in Summonings
 17264 | Lair:5   | Reached skill level 10 in Necromancy
 17264 | Lair:5   | Reached skill level 10 in Translocations
 17264 | Lair:5   | Reached skill level 10 in Transmutations
 17264 | Lair:5   | Reached skill level 10 in Fire Magic
 17264 | Lair:5   | Reached skill level 10 in Ice Magic
 17264 | Lair:5   | Reached skill level 10 in Air Magic
 17264 | Lair:5   | Reached skill level 10 in Earth Magic
 17264 | Lair:5   | Reached skill level 10 in Poison Magic
 17266 | Lair:5   | Reached skill level 5 in Shields
 17280 | Lair:5   | XOM: blink monster(s)
 17307 | Lair:5   | Identified the amulet of Suspected Treachery {Regen+ Int+4}
 17343 | Lair:5   | XOM: give mutations
 17343 | Lair:5   | Lost mutation: Your natural rate of healing is unusually
                  | fast. [Xom's mischief]
 17343 | Lair:5   | Lost mutation: Your mind is acute. (Int +4, Str/Dex -1)
                  | [Xom's mischief]
 17343 | Lair:5   | Lost mutation: You possess an exceptional clarity of mind.
                  | [Xom's mischief]
 17343 | Lair:5   | Lost mutation: You are highly strong-willed. (Will++)
                  | [Xom's mischief]
 17384 | Lair:5   | XOM: 1-stop teleportation journey
 17394 | Lair:5   | Found a transporter.
 17394 | Lair:5   | Noticed SirDiesAlot's ghost (journeyman OpVM)
 17432 | Lair:5   | XOM: draining
 17465 | Lair:5   | XOM: polymorph basilisk -> queen bee
 17498 | Lair:5   | XOM: destruction
 17515 | Lair:5   | XOM: silly message
 17519 | Lair:5   | XOM: destruction
 17598 | Lair:5   | XOM: give mutations
 17598 | Lair:5   | Lost mutation: Your spells are harder to cast, but more
                  | powerful. [Xom's mischief]
 17598 | Lair:5   | Lost mutation: You passively map a small area around you.
                  | [Xom's mischief]
 17598 | Lair:5   | Lost mutation: You are mostly covered in iridescent scales.
                  | (AC +4) [Xom's mischief]
 17615 | Lair:5   | XOM: confusion
 17849 | Lair:5   | XOM: potion effect (berserk rage)
 17926 | Lair:5   | XOM: divine lightning
 17945 | Lair:5   | XOM: polymorph torpor snail -> glass eye
 17994 | Lair:5   | XOM: fog
 18097 | Lair:5   | Identified the ring "Dydaso" {rN+ AC+4}
 18203 | Lair:5   | XOM: enchant monster (good)
 18212 | Lair:5   | XOM: fog
 18226 | Lair:5   | Killed SirDiesAlot's ghost
 18261 | Lair:5   | Identified the +8 longbow "Atoraosi" {freeze, rC+ Int+4
                  | Dex+4}
 18435 | Orc:1    | Entered Level 1 of the Orcish Mines
 18544 | Orc:1    | XOM: noise
 18546 | Orc:1    | Noticed an orc warlord
 18549 | Orc:1    | XOM: confusion
 18552 | Orc:1    | XOM: repel stairs
 18559 | Orc:1    | XOM: chaos upgrade
 18563 | Orc:1    | XOM: enchant monster (good)
 18565 | Orc:1    | XOM: polymorph orc wizard -> iguana
 18590 | D:10     | Killed an orc warlord
 18939 | Orc:2    | Entered Level 2 of the Orcish Mines
 18943 | Orc:2    | XOM: enchant monster (good)
 18960 | Orc:2    | XOM: confusion (+ monsters)
 19185 | Orc:2    | Found a staircase to the Elven Halls.
 19193 | Orc:2    | XOM: summons 2 friendly demons
 19200 | Orc:2    | XOM: enchant monster (bad)
 19213 | Orc:2    | XOM: enchant monster (bad)
 19223 | Orc:2    | XOM: confuse monster(s)
 19231 | Orc:2    | XOM: cast spell 'Summon Small Mammal'
 19233 | Orc:2    | XOM: summons 5 friendly demons
 19237 | Orc:2    | XOM: scenery: create altars
 19301 | Orc:2    | XOM: polymorph orc warrior -> shapeshifter
 19303 | Orc:2    | XOM: confuse monster(s)
 19314 | Orc:2    | XOM: enchant monster (good)
 19319 | Orc:2    | Reached XP level 16. HP: 111/116 MP: 0/0
 19346 | Orc:2    | XOM: give mutations
 19346 | Orc:2    | Gained mutation: You have a pair of small horns on your
                  | head. [Xom's grace]
 19346 | Orc:2    | Gained mutation: You possess an exceptional clarity of
                  | mind. [Xom's grace]
 19363 | Orc:2    | XOM: fake destruction
 19368 | Orc:2    | XOM: confuse monster(s)
 19389 | Orc:2    | XOM: fog
 19396 | Orc:2    | XOM: fog
 19420 | Orc:2    | XOM: enchant monster (bad)
 19451 | Orc:2    | XOM: enchant monster (bad)
 19471 | Orc:2    | XOM: divination: detect items
 19701 | Orc:2    | XOM: potion effect (brilliance)
 19703 | Orc:2    | XOM: confuse monster(s)
 19715 | Orc:2    | XOM: god gift: 30 gold pieces
 19758 | Orc:2    | Found Xuidgh's General Store.
 19759 | Orc:2    | Found Xeothead's Book Emporium.
 19761 | Orc:2    | Found Uniho's Antique Armour Emporium.
 19761 | Orc:2    | Found Tagedowk's Antique Weapon Shoppe.
 19766 | Orc:2    | Bought a scroll of blinking for 82 gold pieces
 19766 | Orc:2    | Bought a scroll of teleportation for 33 gold pieces
 19793 | Orc:2    | XOM: blink monster(s)
 20147 | D:12     | XOM: 1-stop teleportation journey
 20336 | D:12     | XOM: chaos upgrade
 20343 | D:12     | Reached skill level 1 in Shapeshifting
 20472 | D:12     | Found Fifriori's Changing Room.
 20701 | D:13     | Identified a scroll of acquirement
 20702 | D:13     | Acquired 1167 gold pieces
 20835 | D:13     | XOM: scenery: summon butterflies
 21065 | D:13     | XOM: fake destruction
 21228 | D:13     | Found a gate to the Vaults.
 21234 | D:13     | XOM: cleaving
 21582 | Spider:1 | Entered Level 1 of the Spider Nest
 21618 | Spider:1 | XOM: summons 8 friendly demons
 21634 | Lair:3   | Slain by a demonic crawler

Illustrated notes

Levels and vault maps discovered:
D:1:      lemuel_arrival_room, layout_basic, ebering_ecumenical_altar_hall,
          serial_shops, nicolae_shop_real_fake_doors
D:2:      layout_basic, uniq_crazy_yiuf_cottage
D:3:      layout_loops_ring, lemuel_coloured_pillars_altar,
          nicolae_yredelemnul_corpse_copse
D:4:      layout_loops_cross, minmay_misc_feat_room
D:5:      layout_basic
D:6:      layout_basic, ebering_ghost_disaster_area, serial_shops, shop,
          uniq_grinder, uniq_maggie
D:7:      layout_basic, mainiacjoe_overflow_swirl, temple_statues,
          gammafunk_ghost_necromancy, minivault_22, hangedman_decor_peaks_small,
          minmay_misc_feat_doors, grunt_decor_fettered
D:8:      layout_loops_ring, lemuel_tele_altar, minmay_misc_feat_hallway
D:9:      layout_long_grid, minivault_21
D:10:     minmay_distorted_concentric_squares, layout_basic,
          mainiacjoe_overflow_concentric_impassable,
          mainiacjoe_overflow_catwalk, dk_vineyard_3
D:11:     minmay_the_grid_octo_tiled_squarecenter
          [minmay_the_grid_octo_concentric, minmay_the_grid_octo_fan_narrow,
          minmay_the_grid_octo_checkered, minmay_the_grid_octo_odd_swirl,
          minmay_the_grid_square_5x5_megaprize_open,
          minmay_the_grid_square_5x5_shrine1, minmay_the_grid_square_5x5_comb,
          minmay_the_grid_square_5x5_bridge, minmay_the_grid_square_5x5_n],
          layout_loops_cross, erik_lair_orcish_takeover, serial_shops, shop,
          worldfamousw_hep_ancestral_shrine
D:12:     layout_long_grid, nicolae_transmutations_shop
D:13:     layout_small_grid, david_vaults_2, minmay_bent
Lair:1:   layout_roguey, minivault_26, grunt_forest_small_clearings
Lair:2:   layout_small_grid, pdpol_lair_cabin_in_the_woods
Lair:3:   layout_hall_layers, shoals_dummy_entry,
          hellmonk_spider_entry_life_and_decay, small_statue_intersection
Lair:4:   cheibrodos_lair_overgrown_chateau, layout_concentric_octagons
Lair:5:   hangedman_lair_in_review, layout_big_grid, guppyfry_lair_end_dragon,
          slime_entry_2, gammafunk_ghost_hive, portal_ice_cave_entry_imps,
          serial_bayou, serial_bayou_pond_a, serial_bayou_shore_b,
          serial_bayou_pond_c
Spider:1: layout_spider_delve, hangedman_spider_trapstep
Orc:1:    layout_caves
Orc:2:    st_orc_congregation, layout_diamond_mine

Skill      XL: |  1  2  3  4  5  6  7  8  9 10 11 12 13 14 15 16 |
---------------+-------------------------------------------------+-----
Long Blades    | 3 4 5 7 8 9 10 11 12 | 12.4
Spellcasting   | 1 2 3 4 5 6 7 8 9 10 | 10.9
Conjurations   | 1 2 3 4 5 6 7 8 9 10 | 10.9
Hexes          | 1 2 3 4 5 6 7 8 9 10 | 10.9
Summonings     | 1 2 3 4 5 6 7 8 9 10 | 10.9
Necromancy     | 1 2 3 4 5 6 7 8 9 10 | 10.9
Translocations | 1 2 3 4 5 6 7 8 9 10 | 10.9
Transmutations | 1 2 3 4 5 6 7 8 9 10 | 10.9
Fire Magic     | 1 2 3 4 5 6 7 8 9 10 | 10.9
Ice Magic      | 1 2 3 4 5 6 7 8 9 10 | 10.9
Air Magic      | 1 2 3 4 5 6 7 8 9 10 | 10.9
Earth Magic    | 1 2 3 4 5 6 7 8 9 10 | 10.9
Poison Magic   | 1 2 3 4 5 6 7 8 9 10 | 10.9
Armour         | 2 3 4 5 6 7 8 9 10 11 | 11.2
Dodging        | 3 4 5 6 8 9 10 11 12 | 12.3
Fighting       | 4 5 6 7 8 9 10 11 | 11.5
Evocations     | 3 5 |  5.6
Shields        | 2 4 6 |  6.9
Shapeshifting  | 2 |  2.4

Action                     |  1- 3 |  4- 6 |  7- 9 | 10-12 | 13-15 | 16-18 || total
---------------------------+-------+-------+-------+-------+-------+-------++-------
  Melee: Falchion          |    60 |       |       |       |       |       ||    60
         Dagger            |    24 |    78 |   166 |   408 |    12 |       ||   688
         Peck              |     6 |    14 |    38 |    48 |       |       ||   106
         Punch             |       |     1 |     4 |     2 |       |       ||     7
         Long sword        |       |       |       |   211 |   765 |       ||   976
         Bite              |       |       |       |     6 |       |       ||     6
         Scimitar          |       |       |       |       |   589 |   425 ||  1014
         Headbutt          |       |       |       |       |       |   127 ||   127
   Cast: Mephitic Cloud    |       |       |       |     7 |    29 |     6 ||    42
         Hailstorm         |       |       |       |       |    14 |    12 ||    26
         Summon Mana Viper |       |       |       |       |     3 |     2 ||     5
         Jinxbite          |       |       |       |       |     1 |       ||     1
         Metabolic Englaci |       |       |       |       |       |     2 ||     2
  Evoke: Wand              |       |       |       |     1 |       |       ||     1
         Lightning rod     |       |       |       |       |     9 |       ||     9
    Use: Scroll            |     1 |     2 |     2 |     8 |     1 |     2 ||    16
         Potion            |       |       |       |     2 |     1 |       ||     3
   Stab: Sleeping          |     8 |     7 |     5 |     2 |     6 |       ||    28
         Confused          |       |       |     1 |    12 |    42 |    13 ||    68
         Invisible         |       |       |     2 |       |       |       ||     2
         Distracted        |       |       |       |     2 |     4 |       ||     6
         Petrified         |       |       |       |     4 |     9 |       ||    13
         Paralysed         |       |       |       |     1 |     1 |       ||     2
 Armour: Leather armour    |    38 |       |       |       |       |       ||    38
         Ice dragon scales |       |    39 |   131 |   436 |   892 |   187 ||  1685
  Dodge: Dodged            |    44 |    31 |    97 |   678 |  1930 |   393 ||  3173
  Block: Buckler           |       |       |       |   112 |   642 |   151 ||   905

Table legend: (Time is in decaauts)
 A = Elapsed time spent in this place.
 B = Non-inter-level travel time spent in this place.
 C = Inter-level travel time spent in this place.
 D = Time resting spent in this place.
 E = Time spent auto-exploring this place.
 F = Levels seen in this place.
 G = Mean time per level.
                   A        B        C        D        E       F      G
               +--------+--------+--------+--------+--------+-----+--------+
         Total |  21676 |  20482 |   1194 |   3826 |  11387 |  22 |  985.3 |
       Dungeon |  14206 |  13453 |    753 |   3422 |   7633 |  13 | 1092.8 |
          Lair |   5478 |   5087 |    391 |    285 |   2906 |   5 | 1095.6 |
   Spider Nest |     38 |     38 |      0 |      0 |      0 |   1 |   38.0 |
  Orcish Mines |   1402 |   1353 |     49 |     11 |    743 |   2 |  701.0 |
      Ice Cave |    550 |    550 |      0 |    108 |    105 |   1 |  550.0 |
               +--------+--------+--------+--------+--------+-----+--------+

Top non-repeatable levels by time:
     D:1: 3130 daAuts
    D:11: 1441 daAuts
  Lair:5: 1322 daAuts
    D:10: 1304 daAuts
  Lair:2: 1248 daAuts
     D:2: 1115 daAuts
     D:7: 1110 daAuts
  Lair:3: 1032 daAuts
  Lair:1: 966 daAuts
     D:9: 963 daAuts
     D:6: 947 daAuts
   Orc:2: 916 daAuts
  Lair:4: 909 daAuts
    D:13: 775 daAuts
     D:8: 751 daAuts
